 Dungeon Crawl Stone Soup version 0.30-a0-721-ga6a225cb13 (webtiles) character file.

Game seed: 8597575224371351132

3148 M4edhros the Skirmisher (level 9, -4/53 HPs)
             Began as an Octopode Hexslinger on Jan 27, 2023.
             Was a Priest of Qazlal.
             Slain by an orc
             ... wielding a +0 halberd
              (7 damage)
             ... in a bailey.
             The game lasted 00:16:34 (9337 turns).

M4edhros the Skirmisher (Octopode Hexslinger)       Turns: 9337, Time: 00:16:35

Health: -4/53      AC:  5    Str:  9    XL:     9   Next: 93%
Magic:  1/10       EV: 13    Int: 13    God:    Qazlal [***...]
Gold:   269        SH:  4    Dex: 17    Spells: 3/10 levels left

rFire   + . .      SeeInvis +    a - +2 sling (freeze)
rCold   . . .      Faith    +    (no shield)
rNeg    . . .      Spirit   .    (helmet restricted)
rPois   .          Reflect  .    f - amulet of faith
rElec   .          Harm     .    e - ring of protection from fire
rCorr   .          Rampage  .    o - +4 ring of protection
Will    .....      Clarity  +    n - ring of see invisible
Stlth   ++                       (no ring)
HPRegen 0.28/turn                (no ring)
MPRegen 0.12/turn                (no ring)
                                 (no ring)
                                 (no ring)

@: very slightly contaminated, invisible (expiring)
A: almost no armour, amphibious, 8 rings, camouflage 1, gelatinous body 1,
(nimble swimmer 1), tentacles, antennae 2, tentacle spike 1, clarity, dopey 1,
wild magic 2, MP-powered wands
a: Renounce Religion, Upheaval, Elemental Force


You were in a bailey.
You worshipped Qazlal.
Qazlal was most pleased with you.
You visited 1 branch of the dungeon, and saw 8 of its levels.
You also visited: Bailey.

You collected 619 gold pieces.
You spent 350 gold pieces at shops.

Inventory:

Hand Weapons
 a - a +2 sling of freezing (weapon)
Missiles
 l - 4 atropa-tipped darts
 s - 16 poisoned darts
Jewellery
 e - a ring of protection from fire (left tentacle)
 f - an amulet of faith (around mantle)
 n - a ring of see invisible (on tentacle)
 o - a +4 ring of protection (right tentacle)
Scrolls
 c - 3 scrolls of magic mapping
 g - 3 scrolls of immolation
 h - a scroll of identify
 j - 3 scrolls of noise
Potions
 b - a potion of flight
 i - 2 potions of attraction
 q - 2 potions of might


   Skills:
 - Level 1.0 Fighting
 - Level 10.0 Ranged Weapons
 - Level 2.0 Dodging
 - Level 1.0 Spellcasting
 + Level 8.5 Hexes
 - Level 5.0 Ice Magic


You had 3 spell levels left.
You knew the following spells:

 Your Spells              Type           Power      Damage    Failure   Level
a - Slow                  Hex            100%       N/A       3%          1
b - Ozocubu's Armour      Ice            21%        N/A       22%         3
c - Tukima's Dance        Hex            36%        N/A       8%          3

Your spell library contained the following spells:

 Spells                   Type           Power      Damage    Failure   Level
 Inner Flame              Hex/Fire       18%        N/A       28%         3
 Portal Projectile        Hex/Tloc       36%        N/A       28%         3
 Static Discharge         Conj/Air       2%         2-3/arc   56%         2
 Vhi's Electric Charge    Tloc/Air       2%         N/A       78%         3
 Cause Fear               Hex            18%        N/A       19%         4
 Yara's Violent Unravell  Hex/Tmut       9%         3d6       90%         5
 Passage of Golubria      Tloc           1%         N/A       98%         4
 Arcjolt                  Conj/Air       0%         1d10      100%        5
 Lightning Bolt           Conj/Air       0%         1d11      100%        5
 Ozocubu's Refrigeration  Ice            10%        4d9       100%        7


Dungeon Overview and Level Annotations

Branches:
Dungeon (8/15)             Temple (0/1) D:7          Bailey (1/1)
   Lair: D:8-11

Altars:
Elyvilon
Okawaru
Qazlal
Sif Muna
Xom

Shops:
D:4 !   D:6 (


Innate Abilities, Weirdness & Mutations

You cannot wear most types of armour.
You are amphibious.
You can wear up to eight rings at the same time.
Your skin changes colour to match your surroundings (Stealth+).
Your rubbery body absorbs attacks. (AC +1, EV +1)
((You are camouflaged when in or above water. (Stealth+)))
You have tentacles for arms and can constrict up to eight enemies at once.
You have a pair of antennae on your head.
One of your tentacles bears a spike.
You possess an exceptional clarity of mind.
You are dopey. (Int -2)
Your spells are harder to cast, but more powerful.
You expend magic power (3 MP) to strengthen your wands.


Message History

Casting: Tukima's Dance (dangerous; 8% risk of failure)
Confirm with . or Enter, or press ? or * to list all spells.
Okay, then.
Casting: Tukima's Dance (dangerous; 8% risk of failure)
Confirm with . or Enter, or press ? or * to list all spells.
Aiming: Tukima's Dance (dangerous; 8% risk of failure)
Press: ? - help, Shift-Dir - straight line, f/p - orc warrior
Aim: an orc warrior, wielding a +0 spear and wearing a +0 ring mail (unable to see you, chance to affect: 64%)
The +0 glaive dances into the air!
The orc misses you. The orc barely misses you.
The orc warrior splashes around in the water.
An orc comes into view. It is wielding a +0 halberd.
The orc shouts!
The orc warrior shouts!
You hear a shout!
The orc warrior splashes around in the water.
The orc misses you. The orc closely misses you.
You block the orc warrior's attack. The orc closely misses you.
Your +0 glaive barely misses the orc warrior.
The orc warrior hits your +0 glaive with a +0 glaive.
There is a gate leading back out of this place here.
You flicker for a moment.
The orc warrior barely misses you. The orc warrior misses you.
You block the orc's attack.
The orc warrior barely misses your +0 glaive.
You enter the shallow water.
Don't expect to remain undetected while in the water.
The orc barely misses you.
Your +0 glaive barely misses the orc warrior.
The orc misses you.
The orc warrior hits you with a +0 halberd!
* * * LOW HITPOINT WARNING * * *
The orc warrior hits your +0 glaive with a +0 glaive!
Your +0 glaive falls from the air.
The orc warrior attacks as you move away!
The orc warrior barely misses you.
The orc hits you from afar with a +0 halberd.
* * * LOW HITPOINT WARNING * * *
The orc splashes around in the water.
You block the orc warrior's attack.
The orc hits you from afar with a +0 halberd!
You die...

#.~..........##.....#
#.~.#########'###§###
#.~o## §...§§ #.~..##
{≈≈≈§§ #.ooo.## {
§o... #∩oo~..# .§∩⌠
##oo~..# . . #.○§..##
#.o.@## #.~.##o....+
#.~.# ###### #.~.. .
#.~~~ ~~ #.... ..
#### ##.


You could see 6 orc warriors and 4 orcs.

Vanquished Creatures
  3 yaks (D:8)
  Eustachio (D:5)
  A water moccasin (D:5)
  An orc warrior (D:7)
  An ice beast (D:5)
  4 ogres
  3 phantoms
  2 kobold brigands (D:7)
  Blork the orc (D:6)
  3 bullfrogs
  A necrophage (D:5)
  3 scorpions
  6 killer bees (D:7)
  A howler monkey (D:4)
  3 hounds
  2 jellies (D:5)
  An orc priest (D:5)
  2 iguanas
  6 orc wizards
  7 gnolls
  9 adders
  2 shadow imps
  2 white imps (D:5)
  An ufetubus (D:5)
  2 worms
  A dart slug (D:1)
  27 orcs
  11 endoplasms
  5 giant cockroaches
  10 goblins
  7 hobgoblins
  4 jackals (D:5)
  4 quokkas
  11 ball pythons
  4 bats
  5 frilled lizards
  18 kobolds
  8 rats
183 creatures vanquished.

Vanquished Creatures (collateral kills)
  A howler monkey (D:4)
  2 adders (D:4)
3 creatures vanquished.

Vanquished Creatures (others)
  2 dancing weapons
  A fungus (D:8)
3 creatures vanquished.

Grand Total: 189 creatures vanquished

Notes
Turn   | Place    | Note
-------+----------+-------------------------------------------
     0 | D:1      | M4edhros the Octopode Hexslinger began the quest for the
                  | Orb.
     0 | D:1      | Reached XP level 1. HP: 13/13 MP: 2/2
   248 | D:1      | Reached XP level 2. HP: 18/18 MP: 3/3
   567 | D:2      | Reached skill level 3 in Ranged Weapons
   673 | D:2      | Found a shimmering altar of Xom.
   700 | D:2      | Became a worshipper of Xom of Chaos
   716 | D:3      | Reached XP level 3. HP: 23/23 MP: 4/4
   848 | D:3      | Reached skill level 4 in Ranged Weapons
   850 | D:3      | HP: 1/23 [poisoned by an adder]
   965 | D:3      | Reached XP level 4. HP: 22/28 MP: 5/5
  1079 | D:4      | XOM: silly message
  1086 | D:4      | Noticed a scorpion
  1090 | D:4      | XOM: butterfly on damage
  1102 | D:4      | HP: 1/28 [scorpion (4)]
  1103 | D:4      | Killed a scorpion
  1104 | D:4      | Reached skill level 5 in Ranged Weapons
  1104 | D:4      | Reached XP level 5. HP: 1/33 MP: 6/6
  1380 | D:4      | Found Nasedask's Distillery.
  1391 | D:4      | Bought a potion of berserk rage for 50 gold pieces
  1391 | D:4      | Bought 2 potions of lignification for 60 gold pieces
  1424 | D:4      | XOM: silly message
  1436 | D:4      | Noticed a phantom
  1437 | D:4      | XOM: noise
  1444 | D:4      | Killed a phantom
  1445 | D:4      | Reached skill level 6 in Ranged Weapons
  1445 | D:4      | Reached XP level 6. HP: 38/38 MP: 7/7
  1480 | D:4      | XOM: 1-stop teleportation journey
  1740 | D:3      | XOM: scenery: 5 doors open
  2321 | D:3      | XOM: 7-stop teleportation journey
  2429 | D:3      | XOM: noise
  2585 | D:3      | XOM: god gift: 15 gold pieces
  2670 | D:3      | XOM: silly message
  2895 | D:4      | XOM: summons 6 friendly demons
  2901 | D:4      | Reached skill level 7 in Ranged Weapons
  2913 | D:4      | XOM: god gift: 4 atropa-tipped darts
  3185 | D:4      | XOM: give mutations
  3185 | D:4      | Gained mutation: You are strong-willed. (Will+) [Xom's
                  | grace]
  3185 | D:4      | Gained mutation: Your flesh is heat resistant. (rF+) [Xom's
                  | grace]
  3533 | D:4      | XOM: scenery: 1 doors close
  3623 | D:5      | Entered Level 5 of the Dungeon
  3730 | D:5      | Reached XP level 7. HP: 20/43 MP: 8/8
  4051 | D:5      | XOM: noise
  4064 | D:5      | XOM: summons 2 hostile shadow creatures
  4070 | D:5      | XOM: chaos upgrade
  4071 | D:5      | XOM: god gift: glaive {god gift}
  4072 | D:5      | Reached skill level 8 in Ranged Weapons
  4082 | D:5      | XOM: swap monsters
  4208 | D:5      | XOM: swap monsters
  4231 | D:5      | Reached skill level 9 in Ranged Weapons
  4231 | D:5      | Reached XP level 8. HP: 15/48 MP: 9/9
  4306 | D:5      | XOM: 1-stop teleportation journey
  4361 | D:5      | Noticed Eustachio
  4368 | D:5      | XOM: 4-stop teleportation journey
  4431 | D:5      | XOM: stat loss: -1 Int (14/15)
  4491 | D:5      | Found a stormy altar of Qazlal.
  4549 | D:5      | XOM: give mutation
  4549 | D:5      | Gained mutation: You are weak. (Str -2) [Xom's mischief]
  4563 | D:5      | Fell from the grace of Xom
  4563 | D:5      | Became a worshipper of Qazlal Stormbringer
  4863 | D:1      | Found a faded altar of an unknown god.
  5198 | D:2      | Learned a level 3 spell: Ozocubu's Armour
  5307 | D:2      | Reached * piety under Qazlal
  5616 | D:3      | Found a white marble altar of Elyvilon.
  5799 | D:4      | Bought a potion of curing for 30 gold pieces
  5799 | D:4      | Bought a potion of curing for 30 gold pieces
  5799 | D:4      | Bought a potion of mutation for 80 gold pieces
  5799 | D:4      | Bought a potion of curing for 30 gold pieces
  5799 | D:4      | Bought a potion of might for 40 gold pieces
  5799 | D:4      | Bought a potion of curing for 30 gold pieces
  5799 | D:4      | Lost mutation: Your flesh is heat resistant. (rF+) [potion
                  | of mutation]
  5799 | D:4      | Lost mutation: You are strong-willed. (Will+) [potion of
                  | mutation]
  5799 | D:4      | Lost mutation: You are weak. (Str -2) [potion of mutation]
  5799 | D:4      | Gained mutation: Your muscles are strong. (Str +4, Int/Dex
                  | -1) [potion of mutation]
  5799 | D:4      | Gained mutation: You expend magic power (3 MP) to
                  | strengthen your wands. [potion of mutation]
  5990 | D:5      | Reached skill level 1 in Ice Magic
  6044 | D:5      | Killed Eustachio
  6591 | D:6      | Reached skill level 10 in Ranged Weapons
  6658 | D:5      | Identified a scroll of acquirement
  6658 | D:5      | Acquired Great Wizards, Vol. VII
  6664 | D:5      | Learned a level 3 spell: Tukima's Dance
  6793 | D:6      | Found an iron altar of Okawaru.
  6837 | D:6      | XOM: give mutations
  6837 | D:6      | Gained mutation: You are resistant to electric shocks.
                  | (rElec) [Xom's grace]
  6837 | D:6      | Gained mutation: Your spells are a little harder to cast,
                  | but a little more powerful. [Xom's grace]
  6837 | D:6      | Gained mutation: You have a pair of small antennae on your
                  | head. [Xom's grace]
  6837 | D:6      | Gained mutation: You have a pair of antennae on your head.
                  | [Xom's grace]
  6863 | D:6      | XOM: stat loss: -1 Str (12/13)
  6992 | D:6      | Reached XP level 9. HP: 32/53 MP: 10/10
  7062 | D:6      | XOM: torment (27/53 hp)
  7376 | D:6      | Noticed Blork the orc
  7391 | D:6      | Killed Blork the orc
  7392 | D:6      | Reached skill level 5 in Ice Magic
  7534 | D:6      | XOM: give mutations
  7534 | D:6      | Gained mutation: You occasionally shout uncontrollably at
                  | your foes. [Xom's mischief]
  7534 | D:6      | Lost mutation: You are resistant to electric shocks.
                  | (rElec) [Xom's mischief]
  7534 | D:6      | Gained mutation: You are dopey. (Int -2) [Xom's mischief]
  7534 | D:6      | Lost mutation: You occasionally shout uncontrollably at
                  | your foes. [Xom's mischief]
  7620 | D:6      | Found Tur Jebb's Antique Weapon Shoppe.
  7737 | D:7      | Found a shimmering blue altar of Sif Muna.
  7972 | D:7      | Reached skill level 5 in Hexes
  8092 | D:7      | Found a staircase to the Ecumenical Temple.
  8316 | D:7      | Reached ** piety under Qazlal
  8679 | D:7      | XOM: 1-stop teleportation journey
  8871 | D:7      | XOM: give mutations
  8871 | D:7      | Gained mutation: One of your tentacles bears a spike.
                  | [Xom's grace]
  8871 | D:7      | Gained mutation: You possess an exceptional clarity of
                  | mind. [Xom's grace]
  8871 | D:7      | Gained mutation: Your spells are harder to cast, but more
                  | powerful. [Xom's grace]
  8895 | D:7      | XOM: give mutation
  8895 | D:7      | Lost mutation: Your muscles are strong. (Str +4, Int/Dex
                  | -1) [Xom's mischief]
  9098 | D:8      | Found a flagged portal.
  9111 | D:8      | Reached *** piety under Qazlal
  9174 | Bailey   | Entered a bailey
  9336 | Bailey   | HP: 2/53 [orc/+0 halberd (1)]
  9337 | Bailey   | Slain by an orc

Illustrated notes

Levels and vault maps discovered:
D:1:      minmay_arrival_semitransparent, layout_loops_corners,
          basic_ecumenical_altar
D:2:      layout_basic, basic_altar, minmay_3d_cube
D:3:      layout_rooms, mainiacjoe_overflow_24_doors, chequers_garden
D:4:      layout_basic, serial_shops, nicolae_stop_n_shop_1
D:5:      layout_loops_cross, mainiacjoe_overflow_surrounded_room,
          uniq_eustachio
D:6:      layout_rooms, mainiacjoe_overflow_small_starburst, serial_shops,
          kennysheep_mini_moat, nicolae_benzene_ring, uniq_blork_the_orc
D:7:      layout_basic, amcnicky_altar_gilded,
          minmay_temple_entry_statues_pillars, kennysheep_generic_room_3,
          uniq_crazy_yiuf_cottage
D:8:      lemuel_castle_with_subvaults [lemuel_castle_interior_carwin_2],
          layout_loops_cross, mainiacjoe_overflow_tiny_flanked,
          nzn_wu_jian_contemplation, enter_bailey_7, uniq_maurice
Bailey:   bailey_polearm_1, bailey

Skill      XL: |  1  2  3  4  5  6  7  8  9 |
---------------+----------------------------+-----
Ranged Weapons | 3 4 5 6 7 9 10 | 10.0
Ice Magic      | 4 5 |  5.0
Hexes          | 8 |  8.5
Fighting       | |  1.0
Dodging        | |  2.0
Spellcasting   | |  1.0

Action                     |  1- 3 |  4- 6 |  7- 9 || total
---------------------------+-------+-------+-------++-------
  Melee: Unarmed           |    38 |    80 |   173 ||   291
         Tentacles         |    11 |    19 |    39 ||    69
         Constrict         |     6 |    10 |    27 ||    43
         Punch             |       |     3 |     3 ||     6
         Kick              |       |       |     2 ||     2
   Fire: Sling             |    80 |    18 |   438 ||   536
   Cast: Slow              |       |       |    28 ||    28
         Ozocubu's Armour  |       |       |     6 ||     6
         Tukima's Dance    |       |       |     6 ||     6
  Evoke: Wand              |       |     6 |    23 ||    29
    Use: Potion            |     3 |     4 |    15 ||    22
         Scroll            |     1 |       |    13 ||    14
   Stab: Sleeping          |       |     2 |       ||     2
         Confused          |       |       |     1 ||     1
 Armour: Skin              |     5 |    36 |   190 ||   231
  Dodge: Dodged            |    68 |    29 |   260 ||   357
  Block: Other             |       |       |    24 ||    24

Table legend: (Time is in decaauts)
 A = Elapsed time spent in this place.
 B = Non-inter-level travel time spent in this place.
 C = Inter-level travel time spent in this place.
 D = Time resting spent in this place.
 E = Time spent auto-exploring this place.
 F = Levels seen in this place.
 G = Mean time per level.
                   A        B        C        D        E       F      G
               +--------+--------+--------+--------+--------+-----+--------+
         Total |   9326 |   8855 |    471 |   1984 |   5291 |   9 | 1036.2 |
       Dungeon |   9169 |   8698 |    471 |   1984 |   5239 |   8 | 1146.1 |
        Bailey |    156 |    156 |      0 |      0 |     52 |   1 |  156.0 |
               +--------+--------+--------+--------+--------+-----+--------+

Top non-repeatable levels by time:
     D:3: 1997 daAuts
     D:5: 1790 daAuts
     D:4: 1382 daAuts
     D:7: 1222 daAuts
     D:1: 987 daAuts
     D:6: 959 daAuts
     D:2: 576 daAuts
     D:8: 253 daAuts
  Bailey: 156 daAuts
